 Dungeon Crawl Stone Soup version 0.32-a0-290-g598725c5f2 (webtiles) character file.

Game seed: 16033269478350903736

1850700 EnegeticOcto the Fallen Hill Orc (level 26, 230/237 (264) HPs)
             Began as a Hill Orc Brigand on Feb 12, 2024.
             Was a Priest of Yredelemnul.
             Escaped with the Orb
             ... and 3 runes
             ... and 1 gem on Feb 13, 2024!
             The game lasted 02:03:08 (59628 turns).

EnegeticOcto the Fallen Hill Orc (HOBr)            Turns: 59628, Time: 02:03:09

HP:   230/237 (264) AC: 41    Str: 32    XL:     26   Next: 19%
MP:   40/40         EV: 16    Int:  7    God:    Yredelemnul [***...]
Gold: 1298          SH: 29    Dex: 18    Spells: 23/25 levels left

rFire   + + +        a - +9 broad axe (freeze)
rCold   + . .        i - +8 tower shield
rNeg    + . .        z - +4 gold dragon scales "Hieliat" {rPois rF+ rC+ rN+}
rPois   +            g - +0 helmet of Snakes and Ladders {rElec rPois Will+}
rElec   +            A - +2 cloak {Will+}
rCorr   +            Q - +2 pair of gloves
SInv    .            w - +2 pair of boots
Will    ++++.        H - amulet of faith Stlth
                     R - ring of Sureydau {EV+5 Str+6}
HPRegen 0.59/turn    K - ring "Miofok Bacy" {^Drain rF++ rCorr Dex+6 Slay+2}
MPRegen 0.27/turn

%: faith
@: wreathed by umbra, studying Armour, heavily drained
A: dopey 2, strong-willed 1, MP-powered wands
0: Orb of Zot
}: 3/15 runes: barnacled, silver, gossamer
a: Renounce Religion, Light the Black Torch, Recall Undead Harvest, Hurl
Torchlight


You escaped.
You worshipped Yredelemnul.
Yredelemnul was exalted by your worship.
You visited 10 branches of the dungeon, and saw 48 of its levels.
You visited 1 bazaar.
You also visited: Ossuary and Ice Cave.

You collected 7164 gold pieces.
You spent 5866 gold pieces at shops.

Inventory:

Hand Weapons
 a - a +9 broad axe of freezing (weapon)
   (You acquired it on level 3 of the Lair of Beasts)
 M - a +0 whip of distortion
   (You took it off a kobold brigand on level 7 of the Dungeon)
Missiles
 e - 2 curare-tipped darts
 s - 4 throwing nets (quivered) {!f}
Armour
 g - the +0 helmet of Snakes and Ladders (worn) {rElec rPois Will+}
   (You found it on level 3 of the Depths)

   rElec:     It insulates you from electricity.
   rPois:     It protects you from poison Will+: It increases your willpower.
 i - a +8 tower shield (worn)
   (You took it off a hell knight on level 5 of the Vaults)
 w - a +2 pair of boots (worn)
   (You found it on level 2 of the Dungeon)
 z - the +4 gold dragon scales "Hieliat" (worn) {rPois rF+ rC+ rN+}
   (You found it on level 5 of the Lair of Beasts)

   rF+:       It protects you from fire.
   rC+:       It protects you from cold.
   rPois:     It protects you from poison rN+: It protects you from negative
   energy.
 A - a +2 cloak of willpower (worn)
   (You bought it in a shop on level 1 of the Shoals)
 Q - a +2 pair of gloves (worn)
   (You bought it in a shop on level 2 of the Orcish Mines)
Jewellery
 b - the ring "Juhoo" {Wiz rC+ Int+3 Dex+3 SInv}
   (You found it on level 4 of the Shoals)

   [ring of wizardry]

   Wiz:       It improves your spell success rate.
   Int+3:     It affects your intelligence (+3).
   Dex+3:     It affects your dexterity (+3).
   rC+:       It protects you from cold.
   SInv:      It lets you see invisible.
 D - a ring of see invisible
   (You found it on level 1 of the Realm of Zot)
 F - a ring of flight
   (You bought it in a shop on level 8 of the Dungeon)
 H - an amulet of faith (around neck)
   (You bought it in a shop on level 2 of the Orcish Mines)
 K - the ring "Miofok Bacy" (right hand) {^Drain rF++ rCorr Dex+6 Slay+2}
   (You found it on level 2 of the Vaults)

   [ring of dexterity]

   Dex+6:     It affects your dexterity (+6).
   Slay+2:    It affects your accuracy & damage with ranged weapons and melee
   (+2).
   rF++:      It greatly protects you from fire.
   rCorr:     It protects you from acid and corrosion.
   ^Drain:    It drains your maximum health when unequipped.
 P - the amulet "Jublac" {Reflect ^Drain Str+7 Int-3 SH+5 Stlth+}
   (You found it on level 8 of the Dungeon)

   [amulet of reflection]

   Reflect:   It reflects blocked missile attacks.
   Str+7:     It affects your strength (+7).
   Int-3:     It affects your intelligence (-3).
   ^Drain:    It drains your maximum health when unequipped.
   SH+5:      It affects your SH (+5).
   Stlth+:    It makes you more stealthy.
 R - the ring of Sureydau (left hand) {EV+5 Str+6}
   (You bought it in a shop on level 2 of the Orcish Mines)

   [ring of evasion]

   EV+5:      It affects your evasion (+5).
   Str+6:     It affects your strength (+6).
Wands
 c - a wand of digging (36) {@v3}
   (You found it on level 14 of the Dungeon)
 d - a wand of mindburst (19)
   (You found it on level 1 of the Spider Nest)
 h - a wand of polymorph (14)
   (You found it on level 9 of the Dungeon)
 I - a wand of light (6) {@v1}
   (You found it on level 1 of the Spider Nest)
 O - a wand of charming (11)
   (You found it on level 8 of the Dungeon)
 Y - a wand of roots (44) {@v2}
   (You found it on level 3 of the Lair of Beasts)
Scrolls
 p - 9 scrolls of immolation
 q - 2 scrolls of poison {!r}
 r - 10 scrolls of fear {!r}
 x - 21 scrolls of teleportation {@r3 !r}
 B - 5 scrolls of blinking {@r4}
 C - 6 scrolls of summoning {!r}
 E - 5 scrolls of fog {!r}
 N - 8 scrolls of vulnerability
 X - 3 scrolls of silence {!r}
Potions
 f - 10 potions of might {@q3 !q}
 j - 7 potions of mutation
 l - 4 potions of resistance
 n - 10 potions of haste {@q4 !q}
 t - 28 potions of curing {@q1 !q}
 u - 9 potions of magic
 v - 4 potions of lignification {@q6}
 y - 4 potions of cancellation
 G - 2 potions of berserk rage
 L - 7 potions of ambrosia
 S - 14 potions of heal wounds {@q2 !q}
 T - 6 potions of invisibility
 W - 6 potions of enlightenment
 Z - 4 potions of attraction
Miscellaneous
 o - a lightning rod (4/4)
   (You found it on level 1 of the Spider Nest)
 J - a phial of floods
   (You found it on level 4 of the Vaults)
 U - a sack of spiders
   (You found it on level 5 of the Vaults)
 V - a tin of tremorstones (2/2)
   (You found it on level 2 of the Vaults)


   Skills:
 + Level 26.6 Fighting
 - Level 2.0 Short Blades
 - Level 26.9 Axes
 - Level 1.7 Throwing
 + Level 21.6 Armour
 - Level 7.7 Dodging
 - Level 3.2 Stealth
 * Level 18.3 Shields
 O Level 27 Invocations
 - Level 6.0 Evocations


You had 23 spell levels left.
You knew the following spells:

 Your Spells              Type           Power      Damage    Failure   Level
Y - Blink                 Tloc           0%         N/A       100%        2

Your spell library contained the following spells:

 Spells                   Type           Power      Damage    Failure   Level
 Foxfire                  Conj/Fire      0%         2x1d4     99%         1
 Freeze                   Ice            0%         1d3       99%         1
 Magic Dart               Conj           0%         1d3       99%         1
 Necrotise                Necr           0%         1d4       99%         1
 Shock                    Conj/Air       0%         1d3       99%         1
 Sting                    Conj/Alch      0%         1d3       99%         1
 Call Imp                 Summ           0%         N/A       100%        2
 Cigotuvi's Dreadful Rot  Necr/Alch/Air  0%         N/A       100%        2
 Ensorcelled Hibernation  Hex/Ice        0%         N/A       100%        2
 Jinxbite                 Hex            0%         N/A       100%        2
 Lesser Beckoning         Tloc           0%         N/A       100%        2
 Mercury Vapours          Alch/Air       0%         N/A       100%        2
 Momentum Strike          Conj/Tloc      0%         3d8       100%        2
 Scorch                   Fire           0%         2d5       100%        2
 Static Discharge         Conj/Air       0%         3-3/arc   100%        2
 Sublimation of Blood     Necr           0%         N/A       100%        2
 Dazzling Flash           Conj/Hex       0%         N/A       100%        3
 Frozen Ramparts          Ice            0%         1d1       100%        3
 Gell's Gravitas          Tloc           0%         N/A       100%        3
 Hailstorm                Conj/Ice       0%         3d5       100%        3
 Mephitic Cloud           Conj/Alch/Air  0%         N/A       100%        3
 Passwall                 Erth           0%         N/A       100%        3
 Summon Ice Beast         Ice/Summ       0%         N/A       100%        3
 Swiftness                Air            0%         N/A       100%        3
 Teleport Other           Tloc           0%         N/A       100%        3
 Tukima's Dance           Hex            0%         N/A       100%        3
 Vampiric Draining        Necr           0%         2d6       100%        3
 Volatile Blastmotes      Fire/Tloc      0%         2d10      100%        3
 Airstrike                Air            0%         2d(0-16)  100%        4
 Animate Armour           Summ/Erth      0%         N/A       100%        4
 Brom's Barrelling Bould  Conj/Erth      0%         2d3       100%        4
 Dimensional Bullseye     Hex/Tloc       0%         N/A       100%        4
 Flame Wave               Conj/Fire      0%         2d4       100%        4
 Fulminant Prism          Conj/Alch      0%         3d5       100%        4
 Ignite Poison            Fire/Alch      0%         N/A       100%        4
 Iskenderun's Mystic Bla  Conj/Tloc      0%         2d3       100%        4
 Leda's Liquefaction      Alch/Erth      0%         N/A       100%        4
 Martyr's Knell           Necr/Summ      0%         N/A       100%        4
 Olgreb's Toxic Radiance  Alch           0%         N/A       100%        4
 Petrify                  Alch/Erth      0%         N/A       100%        4
 Summon Lightning Spire   Summ/Air       0%         N/A       100%        4
 Alistair's Intoxication  Alch           0%         N/A       100%        5
 Borgnjor's Vile Clutch   Necr/Erth      0%         N/A       100%        5
 Curse of Agony           Necr           0%         N/A       100%        5
 Fireball                 Conj/Fire      0%         3d3       100%        5
 Freezing Cloud           Conj/Ice/Air   0%         6-21      100%        5
 Iskenderun's Battlesphe  Conj           0%         2d6       100%        5
 Lee's Rapid Deconstruct  Erth           0%         3d4*      100%        5
 Metabolic Englaciation   Hex/Ice        0%         N/A       100%        5
 Silence                  Hex/Air        0%         N/A       100%        5
 Summon Forest            Summ/Tloc      0%         N/A       100%        5
 Summon Mana Viper        Hex/Summ       0%         N/A       100%        5
 Yara's Violent Unravell  Hex/Alch       0%         3d3       100%        5
 Conjure Ball Lightning   Conj/Air       0%         3x3d6     100%        6
 Dispersal                Tloc           0%         N/A       100%        6
 Eringya's Noxious Bog    Alch           0%         4d6       100%        6
 Plasma Beam              Fire/Air       0%         2x1d10    100%        6
 Sculpt Simulacrum        Ice/Alch       0%         N/A       100%        6
 Starburst                Conj/Fire      0%         6d3       100%        6
 Summon Cactus Giant      Summ           0%         N/A       100%        6
 Enfeeble                 Hex            0%         N/A       100%        7
 Orb of Destruction       Conj           0%         9d5       100%        7
 Ozocubu's Refrigeration  Ice            0%         4d7       100%        7
 Summon Hydra             Summ           0%         N/A       100%        7
 Ignition                 Fire           0%         3d3       100%        8
 Maxwell's Capacitive Co  Air            0%         ∞         100%        8
 Chain Lightning          Conj/Air       0%         N/A       100%        9
 Polar Vortex             Ice            0%         N/A       100%        9


Dungeon Overview and Level Annotations

Branches:
Dungeon (15/15)            Temple (1/1) D:5            Lair (5/5) D:11
 Shoals (4/4) Lair:2       Spider (4/4) Lair:3        Slime (0/5) Lair:4
    Orc (2/2) D:9             Elf (3/3) Orc:2        Vaults (5/5) D:13
  Crypt (0/3) Vaults:3     Depths (4/4) D:15            Zot (5/5) Depths:4
Ossuary (visited)           IceCv (visited)

Altars:
Ashenzari
Cheibriados
Dithmenos
Elyvilon
Fedhas
Gozag
Hepliaklqana
Kikubaaqudgha
Makhleb
Nemelex Xobeh
Okawaru
Qazlal
Ru
Sif Muna
Trog
Uskayaw
Vehumet
Wu Jian
Xom
Yredelemnul
Zin
The Shining One

Shops:
D:1 (   D:5 *   D:8 *   D:11 !   D:13 *   D:14 =[   Orc:2 [=[=   Elf:1 (
Elf:3 :[(=   Shoals:1 [   Shoals:2 (   Vaults:1 *[(   Vaults:2 (   Depths:1 :=:

Portals:
Hell: Depths:1 Depths:2 Depths:3 Depths:4
Abyss: Depths:1 Depths:2 Depths:3 Depths:4
Pandemonium: Depths:2
Ziggurat: Depths:4
Trove: Depths:2 (give 11 potions of heal wounds)

Annotations:
Shoals:3 3 runed translucent doors, Luqob's ghost, journeyman DgAE; mojasp's ghost, adept DsNe
Elf:2 1 runed translucent door
Vaults:1 3 runed translucent doors, Silenth's ghost, adept DrFE
Depths:2 6 transporters
Zot:1 4 transporters


Innate Abilities, Weirdness & Mutations

You are very dopey. (Int -4)
You are strong-willed. (Will+)
You expend magic power (3 MP) to strengthen your wands.


Message History

You feel a bit more experienced.
(D) Dungeon (T) Temple (L) Lair (A) Shoals (N) Spider Nest (M) Slime Pits (O) Orcish Mines (E) Elven Halls (V) Vaults (C) Crypt (U) Depths (H) Hell (Z) Zot
Where to? (Tab/Enter - D:4 @ (x,y), ? - help)
What level of the Dungeon? (default 4, ? - help)
You swap places.
HP restored.
Your shadow wraith returns to the grave!
A Brimstone Fiend comes into view.
There is an open door here.
There is an open door here.
There is an escape hatch in the ceiling here.
Really go through this one-way escape hatch?
You return your torch's flame to Yredelemnul, and feel their disappointment in your meagre crusade.
A mysterious force pulls you upwards. The hatch slams shut behind you.
Your mindless puppet stays behind to rot.
(D) Dungeon (T) Temple (L) Lair (A) Shoals (N) Spider Nest (M) Slime Pits (O) Orcish Mines (E) Elven Halls (V) Vaults (C) Crypt (U) Depths (H) Hell (Z) Zot
Where to? (Tab/Enter - D:1 @ (x,y), ? - help)
A green death comes into view.
The green death gestures at you. The blast of poison engulfs you. You resist.
A Brimstone Fiend comes into view.
The Brimstone Fiend roars!
You block the green death's attack.
You slash the green death! You freeze the green death.
The green death is moderately wounded.
You lift the black torch aloft and begin your conquest of Level 3 of the Dungeon in Yredelemnul's name!
Yredelemnul sends servants to aid you! The green death barely misses you.
You slice the green death!! You freeze the green death!
The green death is severely wounded.
You hit the Brimstone Fiend. You freeze the Brimstone Fiend.
The green death gestures at you. The poison arrow hits you!
You are poisoned.
You partially resist.
The Brimstone Fiend hits you but does no damage. x3
You barely miss the green death.
The green death is severely wounded.
You slash the Brimstone Fiend! You freeze the Brimstone Fiend.
You feel very sick.
Your flayed ghost barely misses the Brimstone Fiend.
You block the Brimstone Fiend's attack. The Brimstone Fiend closely misses you.
You block the Brimstone Fiend's attack.
The green death hits you but does no damage.
You open the green death like a pillowcase!!!
You freeze the green death!
You kill the green death!
Their soul becomes fuel for the torch.
You slice the Brimstone Fiend!! You freeze the Brimstone Fiend!!
A black mist starts to gather...
You feel very sick.
Your flayed ghost hits the Brimstone Fiend!!
The Brimstone Fiend hits your flayed ghost!
The Brimstone Fiend barely misses your flayed ghost.
The Brimstone Fiend hits your flayed ghost!
You catch the helpless Brimstone Fiend completely off-guard!
You hit the Brimstone Fiend. You freeze the Brimstone Fiend.
The Brimstone Fiend is almost dead.
You feel sick.
Your flayed ghost hits the Brimstone Fiend.
Your wraith hits the Brimstone Fiend but does no damage.
You slash the Brimstone Fiend! You freeze the Brimstone Fiend.
You kill the Brimstone Fiend!
Their soul becomes fuel for the torch.
A black mist starts to gather...
You feel sick.
No target in view!
(D) Dungeon (T) Temple (L) Lair (A) Shoals (N) Spider Nest (M) Slime Pits (O) Orcish Mines (E) Elven Halls (V) Vaults (C) Crypt (U) Depths (H) Hell (Z) Zot
Where to? (Tab/Enter - D:1 @ (x,y), ? - help)
You feel sick.
You feel sick.
You feel sick.
You feel sick.
Your flayed ghost shouts, "Beware of monsters!"
There is a stone staircase leading up here.
You feel sick.
You return your torch's flame to Yredelemnul, and they are satisfied with your conquest.
You climb upwards.
Your summoned ally is left behind.
You feel sick.
There is a stone staircase leading down here.
(D) Dungeon (T) Temple (L) Lair (A) Shoals (N) Spider Nest (M) Slime Pits (O) Orcish Mines (E) Elven Halls (V) Vaults (C) Crypt (U) Depths (H) Hell (Z) Zot
Where to? (Tab/Enter - D:1 @ (x,y), ? - help)
You feel sick.
You are no longer poisoned.
There is a stone staircase leading up here.
You climb upwards.
There is a stone staircase leading down here.
You see here a +0 sling.
You see here a +0 leather armour.
You see here 6 stones.
There is a staircase leading out of the dungeon here.
You have escaped!

♣....♣
#..##
♣....♣
#.... ##
♣....♣
##..## .#
♣....♣
#...#
.########
♣....♣
#...#
........#
♣♣...♣♣
###...#
.########
♣.....♣
#.....##
.#########
♣.....♣
#####...
.........#
♣..@..♣
#########
..########
♣.....♣
#........
..#
♣..(..♣♣
#.#######
..#
♣♣.....♣
#.# ..#
♣♣....♣
### ..#
♣..).♣♣
..#
♣.....♣
..#
♣♣....♣
#.# ##..##
###


There were no monsters in sight!

Vanquished Creatures
  3 orbs of fire
  2 dread liches
  Boris (Vaults:3)
  A Killer Klown (Zot:2)
  5 golden dragons
  A bone dragon (Depths:4)
  Arachne (Spider:4)
  An electric golem (Zot:4)
  A Brimstone Fiend (D:3)
  6 tentacled monstrosities
  3 liches
  4 Orb Guardians
  4 quicksilver dragons
  3 deep elf blademasters
  5 titans (Vaults:5)
  3 deep elf master archers (Elf:3)
  A sphinx (Vaults:5)
  A kraken (Shoals:2)
  4 death cobs
  Gastronok (D:10)
  Aizul (Vaults:2)
  6 tengu reavers
  5 shadow dragons
  8 storm dragons
  A daeva (Zot:1)
  5 fire giants
  Donald (Spider:3)
  5 draconian monks
  2 protean progenitors (Zot:1)
  A draconian knight (Zot:2)
  2 iron dragons
  2 ghost moths (Spider:4)
  3 deep elf elementalists (Elf:3)
  4 draconian scorchers
  6 deep elf sorcerers
  6 emperor scorpions (Spider:4)
  A balrug (Depths:2)
  2 draconian shifters (Depths:3)
  An orc warlord (Orc:2)
  A curse skull (Depths:3)
  12 vault wardens
  2 draconian stormcallers
  A draconian annihilator (Zot:5)
  13 ironbound preservers
  6 very ugly things
  A formless jellyfish (Vaults:4)
  15 stone giants
  2 vampire knights
  6 green draconians
  5 ironbound thunderhulks
  9 black draconians
  A spriggan defender (Depths:2)
  A lorocyproca (D:4)
  6 deep elf death magi
  4 deep elf annihilators (Elf:3)
  5 yellow draconians
  4 war gargoyles
  4 purple draconians
  2 dire elephants (Vaults:1)
  4 white draconians
  6 deep elf demonologists
  8 red draconians
  8 spark wasps
  2 green deaths
  4 crystal guardians
  5 ettins
  A blizzard demon (Depths:3)
  A merfolk impaler (Shoals:4)
  Josephine (D:13)
  6 fire dragons
  A merfolk javelineer (Shoals:2)
  4 entropy weavers
  18 yaktaur captains
  A great orb of eyes (Vaults:3)
  2 deep elf high priests (Elf:3)
  6 ice dragons
  4 rakshasas
  21 vault guards
  A servant of whispers (Elf:2)
  Harold (D:10)
  4 peacekeepers
  A spriggan air mage (Depths:1)
  2 jorogumos (Zot:1)
  A merfolk avatar (Shoals:4)
  5 boulder beetles
  11 centaur warriors
  A hydra (Lair:2)
  A catoblepas (Shoals:4)
  3 ironbound frosthearts
  8 radroaches
  34 dancing weapons
  4 deep troll earth magi
  2 two-headed ogres
  2 merfolk aquamancers (Shoals:4)
  A satyr (Shoals:2)
  4 deep troll shamans
  10 death yaks
  Urug (D:11)
  3 tengu warriors
  2 orc high priests (Orc:2)
  5 spriggan berserkers
  A vampire mage (Vaults:3)
  An occultist (Depths:2)
  5 demonic crawlers
  3 sun demons
  4 hell knights
  17 deep elf knights
  5 skysharks
  5 soul eaters (Depths:3)
  6 pharaoh ants
  4 iron trolls
  A shadow wraith (Vaults:5)
  2 skeletal warriors (D:14)
  2 spriggan riders (Lair:5)
  35 deep trolls
  6 sea snakes
  A shadow demon (D:4)
  3 glowing orange brains
  2 deep trolls (shapeshifter)
  7 orb spiders
  3 sun moths
  14 harpies
  7 arcanists
  A lindwurm (shapeshifter) (Vaults:5)
  12 deep elf archers
  23 deep elf pyromancers
  6 phantasmal warriors
  3 steelbarb worms
  7 lindwurms
  A necromancer (Depths:1)
  An oklob plant (Lair:2)
  16 deep elf zephyrmancers
  4 orc knights
  An eye of devastation (shapeshifter) (Depths:4)
  14 ironbound convokers
  6 manticores
  4 orc sorcerers
  18 wolf spiders
  15 fauns
  A spectral ettin (Vaults:2)
  A tengu skeleton (Depths:1)
  23 ugly things
  6 moths of wrath
  6 cyclopes
  An elephant (D:11)
  5 kobold blastminers
  2 meliai (D:15)
  A stone giant skeleton (Depths:1)
  13 slime creatures
  An ice statue (IceCv)
  20 vault sentinels
  2 black mambas
  A merfolk siren (Shoals:4)
  An unseen horror (D:10)
  A smoke demon (D:4)
  2 gargoyles (D:12)
  Joseph (D:10)
  12 cane toads
  10 rime drakes
  Maggie (D:7)
  3 kobold demonologists
  21 yaktaurs
  Jeremiah (D:8)
  7 torpor snails
  An efreet (D:13)
  A freezing wraith (Vaults:5)
  4 komodo dragons
  A tengu conjurer (Depths:3)
  A spriggan skeleton (Depths:1)
  A merfolk (shapeshifter) (Vaults:5)
  10 trolls
  7 polar bears
  A silent spectre (Depths:3)
  A hellwing (Depths:4)
  3 saltlings (Elf:2)
  11 merfolk
  3 blink frogs (Lair:3)
  A blink frog (shapeshifter) (D:14)
  4 hornets (Lair:5)
  19 tarantellas
  4 wind drakes
  5 snapping turtles
  A raiju (shapeshifter) (Elf:3)
  Prince Ribbit (D:7)
  3 dream sheep (Lair:2)
  A glass eye (Depths:2)
  A centaur simulacrum (D:14)
  14 jumping spiders
  3 vampires
  A spriggan (shapeshifter) (Elf:1)
  5 water elementals
  A ynoxinul (Depths:2)
  14 culicivoras
  6 spriggans (Lair:5)
  4 air elementals
  A fire bat (shapeshifter) (Vaults:5)
  4 wyverns
  A shadow (D:11)
  33 yaks
  5 wraiths (D:13)
  5 fire elementals
  3 basilisks
  2 wargs (Orc:2)
  A redback (shapeshifter) (Vaults:5)
  Grum (D:11)
  Menkaure (D:5)
  37 redbacks
  A faun zombie (Shoals:4)
  7 water moccasins
  Duvessa (D:6)
  16 orc warriors
  3 black bears
  A deep troll simulacrum (Vaults:2)
  26 wolves
  7 centaurs
  2 boggarts
  4 ogres
  3 kobold brigands
  2 lemures (D:7)
  A phantom (D:4)
  3 elf zombies
  3 earth elementals
  15 bullfrogs
  A glowing shapeshifter simulacrum (Vaults:2)
  2 gnoll sergeants
  3 scorpions
  11 wights
  Dowan (D:6)
  6 killer bees
  6 howler monkeys
  2 electric eels
  4 jellies
  A crimson imp (D:8)
  2 bombardier beetles
  2 hounds (D:6)
  12 orc priests
  3 human zombies (Ossuary)
  A sleepcap (D:4)
  14 orc wizards
  2 iguanas (D:4)
  5 hell rats (Lair:3)
  4 hound zombies (Ossuary)
  2 mummies (Ossuary)
  8 gnolls
  6 adders
  A shadow imp (D:5)
  2 white imps (D:7)
  2 adder zombies (Ossuary)
  2 dart slugs (D:2)
  46 orcs
  4 bats
  7 endoplasms
  3 giant cockroaches
  3 gnoll zombies (Ossuary)
  7 goblins
  A hobgoblin (D:1)
  5 jackals
  16 kobolds
  3 quokkas
  10 ball pythons
  3 frilled lizards
  8 jackal zombies (Ossuary)
  4 kobold zombies (Ossuary)
  12 orc zombies (Ossuary)
  11 rats
1402 creatures vanquished.

Vanquished Creatures (collateral kills)
  Frederick (Depths:4)
  An ancient lich (Depths:3)
  A juggernaut (Depths:1)
  Boris (D:15)
  A golden dragon (Depths:4)
  Nikola (Spider:1)
  The ghost of agentgt the Warrior, a veteran KoAK of Lugonu (Vaults:2)
  8 Orb Guardians
  2 tentacled monstrosities
  Rupert (D:13)
  A lich (Depths:3)
  A titan (Vaults:5)
  A quicksilver dragon (Zot:4)
  A sphinx (Depths:1)
  Polyphemus (Shoals:4)
  Agnes (Spider:3)
  Frances (D:13)
  2 shadow dragons (Vaults:5)
  2 tengu reavers (Vaults:5)
  A storm dragon (Zot:5)
  4 fire giants
  2 draconian knights (Zot:5)
  3 vault wardens
  2 emperor scorpions (Spider:4)
  A draconian scorcher (Zot:1)
  A draconian shifter (Depths:3)
  5 frost giants
  3 deep elf sorcerers
  10 ironbound preservers
  2 ghost moths (Spider:4)
  A deep elf elementalist (Elf:3)
  A broodmother (Spider:2)
  A draconian annihilator (Zot:1)
  2 formless jellyfish (Vaults:4)
  2 ironbound thunderhulks
  3 very ugly things (Depths:3)
  5 stone giants
  2 white draconians (Depths:4)
  2 spriggan defenders (Depths:4)
  2 black draconians
  2 deep elf death magi
  A red draconian (Zot:1)
  A spectral titan (Vaults:2)
  A purple draconian (Zot:1)
  A green draconian (Zot:5)
  5 deep elf annihilators
  A yellow draconian (Depths:4)
  A dire elephant (Vaults:1)
  2 vampire knights
  4 spark wasps
  3 ettins
  A fire dragon (Depths:2)
  2 merfolk impalers
  A merfolk javelineer (Shoals:4)
  3 yaktaur captains
  5 ice dragons
  15 vault guards
  3 rakshasas
  A peacekeeper (Vaults:4)
  3 hydras
  2 spriggan air magi (Depths:2)
  2 radroaches
  4 satyrs
  4 merfolk aquamancers
  A catoblepas (Lair:5)
  2 ironbound frosthearts
  2 centaur warriors
  A merfolk avatar (Shoals:3)
  5 boulder beetles
  3 dancing weapons
  4 death yaks
  3 alligator snapping turtles
  A deep troll shaman (Depths:1)
  2 deep troll earth magi
  2 spriggan berserkers (Depths:4)
  2 hell knights (Depths:3)
  An occultist (Depths:3)
  4 deep elf knights (Elf:1)
  3 soul eaters (Depths:3)
  5 skysharks
  2 sea snakes
  3 skeletal warriors (D:14)
  A shadow wraith (Vaults:5)
  3 spectral humans (Vaults:2)
  A spriggan rider (Depths:4)
  A glowing orange brain (Depths:4)
  11 deep trolls
  2 iron trolls (Depths:2)
  4 ironbound convokers
  Pikel (D:7)
  A glowing orange brain (shapeshifter) (Vaults:5)
  A shadow demon (Depths:2)
  2 sun moths (Spider:1)
  3 deep elf archers
  4 orb spiders
  4 wolf spiders
  A phantasmal warrior (Vaults:5)
  An orc knight (Orc:2)
  3 necromancers (Depths:3)
  9 ugly things
  9 deep elf pyromancers
  2 lindwurms (Vaults:1)
  12 harpies
  2 orc sorcerers (Orc:2)
  A steelbarb worm (Spider:4)
  11 deep elf zephyrmancers
  A moth of wrath (shapeshifter) (Depths:2)
  3 moths of wrath
  20 fauns
  9 manticores
  3 cyclopes
  A meliai (D:15)
  A kobold blastminer (Orc:2)
  3 water nymphs
  2 merfolk sirens
  6 vault sentinels
  8 slime creatures
  A gargoyle (D:10)
  4 yaktaurs
  2 cane toads
  A komodo dragon (Lair:4)
  A freezing wraith (Vaults:4)
  A hellion (D:15)
  2 trolls
  4 wind drakes
  4 polar bears
  13 merfolk
  A tarantella zombie (Spider:2)
  8 tarantellas
  17 dream sheep
  A hornet (Lair:5)
  7 snapping turtles
  A frost giant simulacrum (Vaults:2)
  A vampire (Vaults:3)
  8 jumping spiders
  7 culicivoras
  An air elemental (Elf:1)
  6 spriggans (Lair:5)
  6 water elementals
  A wraith (D:13)
  2 wyverns
  20 yaks
  A basilisk (Lair:5)
  A steam dragon (D:7)
  16 redbacks
  An acid dragon (D:11)
  7 water moccasins
  3 orc warriors
  An elf zombie (Elf:1)
  A sky beast (D:8)
  7 ogres
  2 boggarts (Lair:5)
  A black bear (Lair:5)
  7 wolves
  A centaur (D:13)
  4 bullfrogs
  A kobold brigand (D:7)
  7 wights
  4 killer bees
  An electric eel (Lair:2)
  A howler monkey (D:11)
  A jelly (Lair:4)
  5 orc priests
  5 orc wizards
  9 orcs
  An endoplasm (Lair:4)
  3 kobolds
  A spectral goblin (D:7)
  3 tentacles (Shoals:2)
560 creatures vanquished.

Vanquished Creatures (others)
  A spectral tentacled monstrosity (Zot:1)
  A spectral dwarf (Spider:4)
  A Killer Klown zombie (Zot:2)
  A red draconian (Zot:4)
  A spectral stone giant (Vaults:2)
  2 very ugly thing zombies (Depths:3)
  A demigod zombie (Depths:4)
  A spriggan air mage (Depths:2)
  A merfolk aquamancer (Shoals:4)
  A hell knight (Depths:3)
  A titan zombie (Vaults:5)
  2 deep elf knights (Elf:1)
  3 storm dragon zombies
  2 spectral humans
  A golden dragon zombie (Zot:2)
  A ghost moth zombie (Spider:4)
  2 spark wasp zombies (Depths:2)
  A spectral orc (Orc:2)
  3 tengu zombies (Vaults:5)
  2 deep trolls (Vaults:4)
  2 spriggan zombies
  A sun moth (Spider:1)
  7 wolf spider zombies
  A jorogumo zombie (Zot:1)
  3 deep elf zephyrmancers
  3 stone giant zombies
  A fire giant zombie (Depths:2)
  4 draconian zombies
  4 ugly thing zombies
  A spectral rakshasa (Depths:2)
  A white draconian zombie (Zot:4)
  2 spectral soul eaters (Depths:3)
  14 human zombies
  An unseen horror zombie (D:10)
  4 red draconian zombies
  11 redback zombies
  2 purple draconian zombies (Zot:1)
  2 black draconian zombies
  3 orb spider zombies
  A death yak zombie (IceCv)
  2 harpy zombies
  A demonic crawler zombie (Spider:2)
  A sun moth zombie (Spider:2)
  3 jumping spider zombies
  8 tarantella zombies
  A meliai zombie (D:15)
  2 moth of wrath zombies (Spider:4)
  2 fire dragon zombies (Depths:2)
  5 culicivora zombies
  3 ice dragon zombies
  A black mamba zombie (Lair:4)
  A radroach zombie (Zot:1)
  A boulder beetle zombie (Spider:4)
  An ettin zombie (Depths:2)
  A spectral ogre (Orc:2)
  40 elf zombies
  A human (Depths:3)
  2 wind drake zombies
  2 slime creature zombies (Vaults:3)
  11 deep troll zombies
  3 skyshark zombies (Shoals:2)
  10 merfolk zombies
  A cane toad zombie (Lair:2)
  A fire bat zombie (Vaults:5)
  6 faun zombies
  An entropy weaver zombie (Vaults:5)
  5 manticore zombies
  An elephant zombie (D:11)
  A dream sheep zombie (Lair:2)
  A lindwurm zombie (Vaults:5)
  A rime drake zombie (IceCv)
  14 yaktaur zombies
  A spectral ynoxinul (Depths:2)
  3 cyclops zombies
  2 water moccasin zombies
  A troll zombie (D:11)
  4 yak zombies
  A raiju zombie (Elf:3)
  9 wolf zombies
  4 centaur zombies
  2 black bear zombies (Lair:5)
  A basilisk zombie (D:11)
  2 bullfrog zombies
  2 boggart zombies
  An orc wizard (D:3)
  2 killer bee zombies (D:11)
  An acid dragon zombie (D:11)
  3 ogre zombies
  A howler monkey zombie (D:11)
  A spectral crimson imp (D:8)
  2 orcs
  4 gnoll zombies
  A bombardier beetle zombie (D:7)
  A goblin zombie (D:7)
  9 kobold zombies
  45 orc zombies
  16 tentacles (Shoals:2)
350 creatures vanquished.

Grand Total: 2312 creatures vanquished

Notes
Turn   | Place    | Note
-------+----------+-------------------------------------------
     0 | D:1      | EnegeticOcto the Hill Orc Brigand began the quest for the
                  | Orb.
     0 | D:1      | Reached XP level 1. HP: 18/18 MP: 1/1
     0 | D:1      | Upgraded the game from 0.32-a0-171-g4625e66871 to
                  | 0.32-a0-290-g598725c5f2
   219 | D:1      | Reached skill level 3 in Fighting
   241 | D:1      | Reached XP level 2. HP: 26/26 MP: 2/2
   329 | D:1      | Reached skill level 1 in Axes
   370 | D:1      | Reached skill level 2 in Axes
   474 | D:1      | Reached XP level 3. HP: 31/31 MP: 3/3
   583 | D:1      | Reached skill level 3 in Axes
   587 | D:1      | Found Gegeg's Weapon Shoppe.
  1123 | D:2      | Reached skill level 4 in Axes
  1123 | D:2      | Reached XP level 4. HP: 26/38 MP: 4/4
  1550 | D:2      | Reached skill level 5 in Axes
  1587 | D:2      | Found a faded altar of an unknown god.
  1858 | D:3      | Gained mutation: Your spells are a little harder to cast,
                  | but a little more powerful. [potion of mutation]
  1858 | D:3      | Gained mutation: Your body sometimes deteriorates upon
                  | taking damage. [potion of mutation]
  1858 | D:3      | Gained mutation: Your mind is acute. (Int +4, Str/Dex -1)
                  | [potion of mutation]
  1858 | D:3      | Gained mutation: Your system is resistant to poisons.
                  | (rPois) [potion of mutation]
  2144 | D:3      | Reached XP level 5. HP: 45/45 MP: 5/5
  2371 | D:3      | Reached skill level 6 in Axes
  2463 | D:3      | Found an ornate altar of the Wu Jian Council.
  2985 | D:4      | Found a shadowy altar of Dithmenos.
  3023 | D:4      | Noticed a phantom
  3037 | D:4      | Killed a phantom
  3038 | D:4      | Reached skill level 7 in Axes
  3038 | D:4      | Reached XP level 6. HP: 49/52 MP: 6/6
  3066 | D:4      | Reached skill level 4 in Fighting
  3693 | D:4      | Learned a level 2 spell: Blink
  3934 | D:5      | Entered Level 5 of the Dungeon
  3953 | D:5      | Reached skill level 5 in Fighting
  3953 | D:5      | Reached XP level 7. HP: 61/61 MP: 7/7
  4099 | D:5      | Noticed Menkaure
  4110 | D:5      | Killed Menkaure
  4111 | D:5      | Reached skill level 8 in Axes
  4306 | D:5      | Reached skill level 6 in Fighting
  4343 | D:5      | Found a staircase to the Ecumenical Temple.
  4350 | Temple   | Entered the Ecumenical Temple
  4367 | Temple   | Became a worshipper of Yredelemnul the Fallen
  4402 | D:5      | Reached skill level 1 in Armour
  4687 | D:5      | Found Liof's Assorted Antiques.
  4698 | D:5      | Bought a murky sapphire potion for 15 gold pieces
  4698 | D:5      | Bought a bubbling blue potion for 15 gold pieces
  4698 | D:5      | Bought a pearl ring for 85 gold pieces
  4698 | D:5      | Bought a runed chain mail for 127 gold pieces
  4698 | D:5      | Bought a scroll of identify for 34 gold pieces
  4887 | D:6      | Reached skill level 2 in Armour
  4896 | D:6      | Reached XP level 8. HP: 42/71 MP: 8/8
  5148 | D:6      | Reached skill level 7 in Fighting
  5148 | D:6      | Reached skill level 9 in Axes
  5148 | D:6      | Reached skill level 3 in Armour
  5215 | D:6      | Noticed Dowan
  5216 | D:6      | Noticed Duvessa
  5232 | D:6      | Killed Duvessa
  5237 | D:6      | Killed Dowan
  5237 | D:6      | Reached * piety under Yredelemnul
  5349 | D:6      | Reached skill level 4 in Armour
  5685 | D:6      | Reached skill level 8 in Fighting
  5816 | D:6      | Reached skill level 10 in Axes
  6308 | D:7      | Reached XP level 9. HP: 82/82 MP: 9/9
  6314 | D:7      | Reached skill level 1 in Invocations
  6319 | D:7      | Reached skill level 2 in Invocations
  6366 | D:7      | Found an iron altar of Okawaru.
  6373 | D:7      | Found a hazy altar of Hepliaklqana.
  6399 | D:7      | Noticed Pikel
  6415 | D:7      | Killed Pikel
  6416 | D:7      | Reached skill level 9 in Fighting
  6416 | D:7      | Reached skill level 11 in Axes
  6416 | D:7      | Reached skill level 4 in Invocations
  6600 | D:7      | Found a hide-covered altar of Uskayaw.
  6600 | D:7      | Noticed a +0 spear
  6600 | D:7      | Noticed a +0 dagger
  6601 | D:7      | Noticed a +0 spear
  6601 | D:7      | Noticed a +0 short sword
  6602 | D:7      | Noticed a +0 falchion
  6603 | D:7      | Noticed a +0 falchion
  6603 | D:7      | Noticed a +0 short sword
  6604 | D:7      | Noticed a +0 dagger
  6753 | D:7      | Noticed Prince Ribbit
  6757 | D:7      | Killed Prince Ribbit
  6758 | D:7      | Reached skill level 5 in Invocations
  6793 | D:7      | Noticed Maggie
  6807 | D:7      | Killed Maggie
  6807 | D:7      | Reached ** piety under Yredelemnul
  6815 | D:7      | Reached skill level 10 in Fighting
  6827 | D:7      | Found a sand-covered staircase.
  6854 | Ossuary  | Entered an ossuary
  6948 | Ossuary  | Reached skill level 6 in Invocations
  7044 | Ossuary  | Reached XP level 10. HP: 93/93 MP: 14/14
  7052 | Ossuary  | Reached skill level 12 in Axes
  8199 | D:8      | Reached skill level 5 in Armour
  8297 | D:8      | Found a shimmering altar of Xom.
  8297 | D:8      | Found a burning altar of Makhleb.
  8312 | D:8      | Reached skill level 7 in Invocations
  8340 | D:8      | Identified the amulet "Jublac" {Reflect ^Drain Str+7 Int-3
                  | SH+5 Stlth+}
  8358 | D:8      | Noticed Jeremiah
  8360 | D:8      | Killed Jeremiah
  8504 | D:8      | Reached skill level 1 in Shields
  8908 | D:8      | Found Idghofru's General Store.
  9018 | D:9      | Reached skill level 13 in Axes
  9018 | D:9      | Reached skill level 6 in Armour
  9018 | D:9      | Reached skill level 2 in Shields
  9018 | D:9      | Reached skill level 8 in Invocations
  9066 | D:9      | Found a staircase to the Orcish Mines.
  9076 | D:9      | Reached skill level 3 in Shields
  9091 | D:9      | Reached XP level 11. HP: 89/99 MP: 17/17
  9097 | D:9      | Reached *** piety under Yredelemnul
  9428 | D:10     | Entered Level 10 of the Dungeon
  9428 | D:10     | Noticed Harold
  9438 | D:10     | Killed Harold
  9439 | D:10     | Reached skill level 7 in Armour
  9439 | D:10     | Reached skill level 4 in Shields
  9439 | D:10     | Reached skill level 9 in Invocations
  9595 | D:10     | Noticed Joseph
  9598 | D:10     | Killed Joseph
  9619 | D:10     | Reached skill level 14 in Axes
  9715 | D:10     | Found Tudonk's Island Escapes.
  9758 | D:10     | Noticed Gastronok
  9766 | D:10     | Killed Gastronok
  9767 | D:10     | Reached skill level 10 in Invocations
  9851 | D:10     | Reached skill level 8 in Armour
  9980 | D:10     | Noticed a manticore
  9987 | D:10     | Killed a manticore
  9992 | D:10     | Reached skill level 15 in Axes
 10118 | D:10     | Found a bloodstained altar of Trog.
 10118 | D:10     | Found a stormy altar of Qazlal.
 10255 | D:10     | Identified a scroll of acquirement
 10358 | D:8      | Bought a ring of flight for 280 gold pieces
 10468 | D:10     | Bought a scroll of blinking for 105 gold pieces
 10468 | D:10     | Acquired the +6 executioner's axe of Certain Death {freeze,
                  | Dex+5}
 10632 | D:11     | Noticed Grum
 10640 | D:11     | Noticed a cyclops
 10643 | D:11     | Killed Grum
 10649 | D:11     | Killed a cyclops
 10876 | D:11     | Noticed a cyclops
 10883 | D:11     | Killed a cyclops
 10884 | D:11     | Reached XP level 12. HP: 108/108 MP: 19/19
 10919 | D:11     | Noticed Lodul
 10992 | D:11     | Reached skill level 11 in Fighting
 10992 | D:11     | Reached skill level 16 in Axes
 11087 | D:11     | Noticed Urug
 11099 | D:11     | Killed Urug
 11242 | D:11     | Found a staircase to the Lair.
 11374 | D:11     | Found Eskueth's Distillery.
 11547 | D:11     | Noticed a two-headed ogre
 11552 | D:11     | Killed a two-headed ogre
 11691 | D:11     | Reached **** piety under Yredelemnul
 11703 | D:11     | Bought a potion of heal wounds for 65 gold pieces
 11703 | D:11     | Bought a potion of curing for 39 gold pieces
 12003 | D:11     | Found a staircase to the Lair.
 12058 | D:11     | Reached skill level 12 in Fighting
 12067 | D:11     | Your ally Urug died
 12071 | D:11     | Killed Lodul
 12071 | D:11     | Bound Lodul
 12417 | Lair:1   | Entered Level 1 of the Lair of Beasts
 12446 | Lair:1   | Noticed a six-headed hydra
 12453 | Lair:1   | Killed a six-headed hydra
 12586 | Lair:1   | Reached skill level 17 in Axes
 12586 | Lair:1   | Reached skill level 1 in Dodging
 12749 | Lair:1   | Noticed a boulder beetle
 12773 | Lair:1   | Killed a boulder beetle
 12939 | Lair:1   | Reached skill level 2 in Dodging
 13175 | Lair:1   | Found the +7 mace of Variability {chaos, chaos arc}
 13381 | Lair:2   | Reached skill level 3 in Dodging
 13408 | Lair:2   | Reached skill level 13 in Fighting
 13441 | Lair:2   | Reached XP level 13. HP: 113/122 MP: 20/20
 13657 | Lair:2   | Reached skill level 18 in Axes
 13657 | Lair:2   | Reached skill level 4 in Dodging
 14079 | Lair:2   | Found a sparkling altar of Nemelex Xobeh.
 14263 | Lair:2   | Found a staircase to the Shoals.
 14650 | Lair:3   | Found a hole to the Spider Nest.
 14663 | Lair:3   | Acquired a +2 broad axe of freezing
 14708 | Lair:3   | Reached skill level 14 in Fighting
 14732 | Lair:3   | Reached skill level 5 in Dodging
 14747 | Lair:3   | Reached ***** piety under Yredelemnul
 14764 | Lair:3   | Found a frozen archway.
 14771 | IceCv    | Entered an ice cave
 14806 | IceCv    | Reached skill level 6 in Dodging
 15105 | IceCv    | Reached skill level 7 in Dodging
 15149 | IceCv    | Reached skill level 1 in Evocations
 15346 | IceCv    | Reached skill level 2 in Evocations
 15397 | IceCv    | Noticed a frost giant
 15414 | IceCv    | Killed a frost giant
 15417 | IceCv    | Reached XP level 14. HP: 86/133 MP: 19/22
 16111 | Lair:4   | Reached skill level 3 in Evocations
 16156 | Lair:4   | Reached skill level 11 in Invocations
 16239 | Lair:4   | Reached skill level 9 in Armour
 16289 | Lair:4   | Identified the +0 leather armour of Tih Pic {Str+2}
 16348 | Lair:4   | Reached skill level 4 in Evocations
 16630 | Lair:4   | Found a staircase to the Slime Pits.
 16684 | Lair:5   | Entered Level 5 of the Lair of Beasts
 16720 | Lair:5   | Reached skill level 15 in Fighting
 16725 | Lair:5   | Paralysed by a hornet for 2 turns
 16759 | Lair:5   | Reached skill level 5 in Evocations
 16794 | Lair:5   | Reached skill level 12 in Invocations
 16797 | Lair:5   | Reached ****** piety under Yredelemnul
 16875 | Lair:5   | Reached skill level 10 in Armour
 17009 | Lair:5   | Got an earthy gem with 88 turns to spare
 17015 | Lair:5   | Identified the +4 gold dragon scales "Hieliat" {rPois rF+
                  | rC+ rN+}
 17489 | Lair:5   | Reached skill level 6 in Evocations
 17926 | Orc:1    | Entered Level 1 of the Orcish Mines
 18178 | Orc:2    | Entered Level 2 of the Orcish Mines
 18183 | Orc:2    | Found a staircase to the Elven Halls.
 18254 | Orc:1    | Reached skill level 13 in Invocations
 18437 | Orc:2    | Reached XP level 15. HP: 139/143 MP: 24/24
 18584 | Orc:2    | Noticed an orc warlord
 18592 | Orc:2    | Reached skill level 16 in Fighting
 18601 | Orc:2    | Killed an orc warlord
 19243 | Orc:2    | Your ally Lodul died
 19249 | Orc:2    | Reached skill level 5 in Shields
 19698 | Orc:2    | Found Qikocar's Antique Armour Emporium.
 19709 | Orc:2    | Found Intoa's Antique Armour Shop.
 19717 | Orc:2    | Found Astiax's Jewellery Emporium.
 19850 | Orc:2    | Found Evabunih's Jewellery Shop.
 19879 | Orc:2    | Bought a pair of embroidered gloves for 240 gold pieces
 19879 | Orc:2    | Bought a pitted chain mail for 304 gold pieces
 19879 | Orc:2    | Identified the +5 chain mail "Erudaatio" {Dex+5} (You
                  | bought it in a shop on level 2 of the Orcish Mines)
 19902 | Orc:2    | Bought the ring of Sureydau {EV+5 Str+6} for 722 gold
                  | pieces
 19914 | Orc:2    | Bought a ring of willpower for 325 gold pieces
 20056 | D:12     | Identified the blade talisman of Gluttony {Str+2}
 20447 | D:12     | Noticed Jorgrun
 20459 | D:12     | Killed Jorgrun
 20459 | D:12     | Bound Jorgrun
 20825 | D:13     | Found Lezxa's Mail-Order Catalogue.
 20854 | D:13     | Found a gate to the Vaults.
 20887 | D:13     | Noticed Josephine
 20896 | D:13     | Reached skill level 14 in Invocations
 20900 | D:13     | Killed Josephine
 20986 | D:13     | Reached skill level 6 in Shields
 21073 | D:13     | Noticed Rupert
 21087 | D:13     | Killed Rupert
 21088 | D:13     | Reached skill level 11 in Armour
 21298 | D:13     | Noticed Frances
 21308 | D:13     | Killed Frances
 21585 | D:14     | Found Ugridarph's Armour Boutique.
 22043 | D:14     | Reached skill level 17 in Fighting
 22080 | D:14     | Reached skill level 7 in Shields
 22254 | D:14     | Found Quuh's Jewellery Boutique.
 23224 | D:15     | Entered Level 15 of the Dungeon
 23327 | D:15     | Reached XP level 16. HP: 87/155 MP: 27/27
 23773 | D:15     | Reached skill level 15 in Invocations
 23867 | D:15     | Reached skill level 12 in Armour
 23867 | D:15     | Reached skill level 8 in Shields
 23887 | D:15     | Noticed Nessos
 23888 | D:15     | Nessos changed into Nessos the cyclops
 23888 | D:15     | Noticed Nessos
 23894 | D:15     | Killed Nessos the cyclops
 24215 | D:15     | Found a staircase to the Depths.
 24892 | Shoals:1 | Entered Level 1 of the Shoals
 25138 | Shoals:1 | Reached skill level 18 in Fighting
 25377 | Shoals:1 | Found Hiyttoot's Antique Armour Boutique.
 25383 | Shoals:1 | Bought a glowing cloak for 277 gold pieces
 25687 | Shoals:2 | Reached skill level 13 in Armour
 25782 | Shoals:2 | Found Puroulli's Antique Weapon Shop.
 26107 | Shoals:2 | Found a sparkling altar of Nemelex Xobeh.
 26112 | Shoals:2 | Reached skill level 9 in Shields
 26133 | Shoals:2 | Noticed a kraken
 26150 | Shoals:2 | Killed a kraken
 26603 | Shoals:3 | Reached skill level 16 in Invocations
 26603 | Shoals:3 | Reached XP level 17. HP: 166/166 MP: 27/29
 26798 | Shoals:3 | Found a runed translucent gate.
 26798 | Shoals:3 | Found a runed translucent gate.
 26798 | Shoals:3 | Found a runed translucent gate.
 26807 | Shoals:3 | Noticed mojasp's ghost (adept DsNe)
 26807 | Shoals:3 | Noticed Luqob's ghost (journeyman DgAE)
 27432 | Shoals:4 | Entered Level 4 of the Shoals
 27434 | Shoals:4 | Noticed Polyphemus
 27447 | Shoals:4 | Killed Polyphemus
 27448 | Shoals:4 | Reached skill level 10 in Shields
 27456 | Shoals:4 | Reached skill level 19 in Fighting
 27456 | Shoals:4 | Reached skill level 14 in Armour
 27555 | Shoals:4 | Your ally Polyphemus died
 27577 | Shoals:4 | Reached skill level 17 in Invocations
 27962 | Shoals:4 | Reached skill level 11 in Shields
 28065 | Shoals:4 | Identified the ring "Juhoo" {Wiz rC+ Int+3 Dex+3 SInv}
 28166 | Shoals:4 | Got a barnacled rune of Zot
 28312 | Spider:1 | Entered Level 1 of the Spider Nest
 28564 | Spider:1 | Reached XP level 18. HP: 93/177 MP: 30/30
 28998 | Spider:1 | Noticed Nikola
 29021 | Spider:1 | Killed Nikola
 29480 | Spider:2 | Reached skill level 15 in Armour
 29852 | Spider:2 | Reached skill level 19 in Axes
 29878 | Spider:2 | Reached skill level 18 in Invocations
 30046 | Spider:2 | Identified the +0 robe "Koawaem" {Str+2 Dex+2}
 30378 | Spider:3 | Noticed Donald
 30387 | Spider:3 | Killed Donald
 30388 | Spider:3 | Reached skill level 20 in Fighting
 30399 | Spider:3 | Noticed Agnes
 30402 | Spider:3 | Reached skill level 12 in Shields
 30407 | Spider:3 | Killed Agnes
 30457 | Spider:3 | Your ally Agnes died
 30612 | Spider:3 | Your ally Donald died
 30963 | Spider:4 | Entered Level 4 of the Spider Nest
 31199 | Spider:4 | Gained mutation: You are frail. (-10% HP) [mutagenic glow]
 31208 | Spider:4 | Lost mutation: Your system is resistant to poisons. (rPois)
                  | [potion of mutation]
 31208 | Spider:4 | Lost mutation: Your mind is acute. (Int +4, Str/Dex -1)
                  | [potion of mutation]
 31208 | Spider:4 | Lost mutation: You are frail. (-10% HP) [potion of
                  | mutation]
 31208 | Spider:4 | Gained mutation: You are frail. (-10% HP) [potion of
                  | mutation]
 31209 | Spider:4 | Lost mutation: You are frail. (-10% HP) [potion of
                  | mutation]
 31209 | Spider:4 | Lost mutation: Your spells are a little harder to cast, but
                  | a little more powerful. [potion of mutation]
 31209 | Spider:4 | Gained mutation: Your muscles are strong. (Str +4, Int/Dex
                  | -1) [potion of mutation]
 31209 | Spider:4 | Gained mutation: You are vulnerable to heat. (rF-) [potion
                  | of mutation]
 31209 | Spider:4 | Gained mutation: You expend magic power (3 MP) to
                  | strengthen your wands. [potion of mutation]
 31210 | Spider:4 | Lost mutation: You are vulnerable to heat. (rF-) [potion of
                  | mutation]
 31210 | Spider:4 | Lost mutation: Your muscles are strong. (Str +4, Int/Dex
                  | -1) [potion of mutation]
 31210 | Spider:4 | Lost mutation: Your body sometimes deteriorates upon taking
                  | damage. [potion of mutation]
 31210 | Spider:4 | Gained mutation: You are strong-willed. (Will+) [potion of
                  | mutation]
 31460 | Spider:4 | Noticed Arachne
 31476 | Spider:4 | Killed Arachne
 31728 | Spider:4 | Reached XP level 19. HP: 186/187 MP: 23/32
 31756 | Spider:4 | Your ally Jorgrun died
 31972 | Spider:4 | Got a gossamer rune of Zot
 32552 | Vaults:1 | Entered Level 1 of the Vaults
 32572 | Vaults:1 | Reached skill level 16 in Armour
 32577 | Vaults:1 | Reached skill level 13 in Shields
 32583 | Vaults:1 | Reached skill level 19 in Invocations
 32722 | Vaults:1 | Reached skill level 20 in Axes
 32778 | Vaults:1 | Found the brooch of Shielding {Spirit SH+8}
 33746 | Vaults:1 | Found Wiucac's Weapon Emporium.
 33789 | Vaults:1 | Found Kes Boloze's General Store.
 33802 | Vaults:1 | Reached skill level 21 in Fighting
 33813 | Vaults:1 | Bought a potion of haste for 150 gold pieces
 34297 | Vaults:1 | Found Kauqure's Armour Boutique.
 34414 | Vaults:1 | Found a runed translucent gate.
 34414 | Vaults:1 | Found a runed translucent gate.
 34414 | Vaults:1 | Found a runed translucent gate.
 34415 | Vaults:1 | Noticed Silenth's ghost (adept DrFE)
 34551 | Vaults:1 | Identified the +6 bardiche of the Wheel {heavy, rN+ Int+4}
 34551 | Vaults:1 | Identified the ring of Ofastan {rCorr Str-5 Int-3 Dex+6
                  | Stlth+}
 34554 | Vaults:1 | Found an iron altar of Okawaru.
 34764 | Vaults:2 | Found a runed translucent gate.
 34764 | Vaults:2 | Found a runed translucent gate.
 34764 | Vaults:2 | Found a runed translucent gate.
 34765 | Vaults:2 | Noticed agentgt's ghost (veteran KoAK)
 34916 | Vaults:2 | Found Kunaena's Weapon Shop.
 35071 | Vaults:2 | Reached XP level 20. HP: 190/198 MP: 33/33
 35186 | Vaults:2 | Identified the serpent talisman of the Other World {rC+
                  | Str+4}
 35186 | Vaults:2 | Noticed Aizul
 35199 | Vaults:2 | Reached skill level 14 in Shields
 35209 | Vaults:2 | Killed Aizul
 35876 | Vaults:2 | Killed agentgt's ghost
 35877 | Vaults:2 | Reached skill level 20 in Invocations
 35883 | Vaults:2 | Reached skill level 17 in Armour
 35909 | Vaults:2 | Identified the ring "Miofok Bacy" {^Drain rF++ rCorr Dex+6
                  | Slay+2}
 35916 | Vaults:2 | Got the Book of Oxidation
 36058 | Vaults:3 | Reached skill level 21 in Axes
 36223 | Vaults:3 | Identified the +4 robe "Gucyn" {rF- rN+ Int+5}
 36223 | Vaults:3 | Noticed Boris
 36250 | Vaults:3 | Killed Boris
 37155 | Vaults:3 | Reached skill level 22 in Fighting
 37197 | Vaults:3 | Found a staircase to the Crypt.
 37774 | Vaults:4 | Noticed Norris
 37797 | Vaults:4 | Killed Norris
 37797 | Vaults:4 | Bound Norris
 37974 | Vaults:4 | Found a flickering gateway to a bazaar.
 37989 | Bazaar   | Entered a bazaar
 37989 | Bazaar   | Found Itaurih's Book Shoppe.
 37989 | Bazaar   | Found Uqiunofe's Antique Weapon Shoppe.
 37989 | Bazaar   | Found Buymafifeq's Assorted Antiques.
 37991 | Bazaar   | Found Isaogier's Armour Shop.
 37991 | Bazaar   | Found Caocw's Magic Scroll Emporium.
 38033 | Bazaar   | Bought a scroll of fog for 48 gold pieces
 38033 | Bazaar   | Bought a scroll of teleportation for 36 gold pieces
 38038 | Bazaar   | Bought the +2 shield of Resistance {rF++ rC++ Will++} for
                  | 775 gold pieces
 38038 | Bazaar   | Found the +2 shield of Resistance {rF++ rC++ Will++}
 38054 | Bazaar   | Bought a scroll of enchant armour for 90 gold pieces
 38124 | Vaults:4 | Reached XP level 21. HP: 160/207 MP: 35/35
 38370 | Vaults:4 | Reached skill level 21 in Invocations
 39046 | Vaults:4 | Identified the +5 sling of Defence {freeze, ^Fragile Fly
                  | Str+6 Stlth+}
 39076 | Vaults:4 | Reached skill level 18 in Armour
 39098 | Vaults:4 | Reached skill level 22 in Axes
 39758 | D:14     | Bought a ring of poison resistance for 240 gold pieces
 39831 | Depths:1 | Entered Level 1 of the Depths
 39837 | Depths:1 | Found Bogrim's Book Boutique.
 39837 | Depths:1 | Found Teumefu's Jewellery Shoppe.
 39838 | Depths:1 | Found Qesiam's Book Boutique.
 40020 | Depths:1 | Found a stormy altar of Qazlal.
 40273 | Depths:1 | Found a gateway to Hell.
 40424 | Depths:1 | Found a one-way gate to the infinite horrors of the Abyss.
 40434 | Depths:1 | Noticed a juggernaut
 40439 | Depths:1 | Killed a juggernaut
 40954 | Depths:2 | Found a portal to a secret trove of treasure.
 41015 | Depths:2 | Found a transporter.
 41017 | Depths:2 | Found a transporter.
 41186 | Depths:2 | Found a transporter.
 41189 | Depths:2 | Found a transporter.
 41434 | Depths:2 | Found a transporter.
 41440 | Depths:2 | Found a transporter.
 41452 | Depths:2 | Reached skill level 22 in Invocations
 41801 | Depths:2 | Reached XP level 22. HP: 187/217 MP: 37/37
 41816 | Depths:2 | Noticed a golden dragon
 41819 | Depths:2 | Reached skill level 15 in Shields
 41826 | Depths:2 | Identified the +12 short sword of the Pits of Slime
                  | {freeze, rC+ Str+3}
 41832 | Depths:2 | Killed a golden dragon
 41845 | Depths:2 | Reached skill level 23 in Fighting
 41868 | Depths:2 | Found a basalt altar of Yredelemnul.
 41870 | Depths:2 | Found a sacrificial altar of Ru.
 41873 | Depths:2 | Identified the staff "Huaq" {rElec rN+ rCorr Int+3 Earth}
 41885 | Depths:2 | Found a shimmering blue altar of Sif Muna.
 42000 | Depths:2 | Found a bloodstained altar of Trog.
 42070 | Depths:2 | Found a one-way gate leading to the halls of Pandemonium.
 42508 | Depths:3 | Reached skill level 23 in Invocations
 42718 | Depths:3 | Reached skill level 23 in Axes
 43655 | Depths:3 | Found a runed door.
 43670 | Depths:3 | Reached skill level 19 in Armour
 43753 | Depths:3 | Noticed a dread lich
 43754 | Depths:3 | Noticed an ancient lich
 43761 | Depths:3 | Killed a dread lich
 43770 | Depths:3 | Killed an ancient lich
 43918 | Depths:3 | Identified the +0 helmet of Snakes and Ladders {rElec rPois
                  | Will+}
 43935 | Depths:3 | Identified the +6 halberd "Redya" {speed, *Rage rElec rN+++
                  | Int+5}
 43977 | Depths:3 | Identified the +1 cloak of Olanynoid {^Contam rPois rC+
                  | MP+9}
 43978 | Depths:3 | Identified the staff of Adiav {^Fragile rPois Str+3 Dex+5
                  | Alchemy}
 43979 | Depths:3 | Identified the +1 plate armour of Howling Wind {Int+4}
 44171 | Depths:4 | Entered Level 4 of the Depths
 44182 | Depths:4 | Identified the orb "Yrem" {*channel, rElec Slay+2}
 44182 | Depths:4 | Noticed Frederick
 44190 | Depths:4 | Killed Frederick
 44233 | Depths:4 | Reached XP level 23. HP: 142/227 MP: 38/38
 44424 | Depths:4 | Your ally Frederick died
 44445 | Depths:4 | Reached skill level 24 in Invocations
 44446 | Depths:4 | Noticed a golden dragon
 44458 | Depths:4 | Killed a golden dragon
 44531 | Depths:4 | Reached skill level 16 in Shields
 44731 | Depths:4 | Found a gate to the Realm of Zot.
 44918 | Depths:4 | Found a one-way gateway to a ziggurat.
 45310 | Depths:4 | Found an ancient bone altar of Kikubaaqudgha.
 45537 | Elf:1    | Entered Level 1 of the Elven Halls
 45584 | Elf:1    | Paralysed by an air elemental for 1 turns
 45601 | Elf:1    | Paralysed by an air elemental for 1 turns
 46493 | Elf:1    | Paralysed by an air elemental for 1 turns
 46619 | Elf:1    | Found Ziompuuv's Weapon Emporium.
 46762 | Elf:2    | Found a runed translucent door.
 46807 | Elf:2    | Reached skill level 24 in Fighting
 46809 | Elf:2    | Found a runed translucent door.
 46859 | Elf:2    | Found a crumbling gateway.
 46996 | Elf:2    | Reached skill level 24 in Axes
 47232 | Elf:2    | Your ally Norris died
 47282 | Elf:2    | Reached skill level 20 in Armour
 47735 | Elf:3    | Entered Level 3 of the Elven Halls
 47884 | Elf:3    | Found a huge runed translucent gate.
 47888 | Elf:3    | Reached skill level 25 in Invocations
 47908 | Elf:3    | Found a huge runed translucent gate.
 47908 | Elf:3    | Found a huge runed translucent gate.
 47920 | Elf:3    | Found a huge runed translucent gate.
 47920 | Elf:3    | Found a huge runed translucent gate.
 47920 | Elf:3    | Found a huge runed translucent gate.
 47923 | Elf:3    | Found a huge runed translucent gate.
 47923 | Elf:3    | Found a huge runed translucent gate.
 47923 | Elf:3    | Found a huge runed translucent gate.
 47923 | Elf:3    | Found a huge runed translucent gate.
 47923 | Elf:3    | Found a huge runed translucent gate.
 47923 | Elf:3    | Found a huge runed translucent gate.
 47924 | Elf:3    | Found a huge runed translucent gate.
 47924 | Elf:3    | Found a huge runed translucent gate.
 47924 | Elf:3    | Found a huge runed translucent gate.
 47924 | Elf:3    | Found a huge runed translucent gate.
 47924 | Elf:3    | Found a huge runed translucent gate.
 47924 | Elf:3    | Found a huge runed translucent gate.
 47924 | Elf:3    | Found a huge runed translucent gate.
 47925 | Elf:3    | Found a huge runed translucent gate.
 47954 | Elf:3    | Found Meheacvo's Armour Shoppe.
 47995 | Elf:3    | Found Xiwobebou's Book Shop.
 48190 | Elf:3    | Found Zabasol's Jewellery Emporium.
 48350 | Elf:3    | Reached XP level 24. HP: 230/239 MP: 39/39
 48454 | Elf:3    | Found Pocib's Antique Weapon Shoppe.
 49633 | Elf:3    | Identified the staff "Ruhueq" {rC+ rCorr Air Earth}
 50867 | Elf:3    | Identified the staff of Karma {*Corrode rC- rN+++ SInv
                  | Earth}
 51001 | Elf:3    | Got the Atlas of Exhalation and Bolts
 51392 | Vaults:5 | Entered Level 5 of the Vaults
 51408 | Vaults:5 | Reached skill level 25 in Axes
 51493 | Vaults:5 | Reached skill level 25 in Fighting
 51719 | Vaults:5 | Identified the +0 leather armour of Decompression {Dex+5
                  | Slay+3}
 51891 | Vaults:5 | Noticed a dread lich
 51908 | Vaults:5 | Killed a dread lich
 51912 | Vaults:5 | Reached skill level 26 in Invocations
 53091 | Vaults:5 | Identified the staff of the Hammering Spider {rC+ Int+4
                  | Stlth- Hexes Ice}
 53198 | Vaults:5 | Reached XP level 25. HP: 248/251 MP: 40/40
 53308 | Vaults:5 | Reached skill level 26 in Axes
 53430 | Vaults:5 | Got a silver rune of Zot
 54323 | Orc:2    | Bought an amulet of faith for 520 gold pieces
 54648 | Zot:1    | Entered Level 1 of the Realm of Zot
 54863 | Zot:1    | Acquired a manual of Armour
 54873 | Zot:1    | Found a transporter.
 54880 | Zot:1    | Found a transporter.
 54881 | Zot:1    | Found a transporter.
 54985 | Zot:1    | Reached skill level 26 in Fighting
 55729 | Zot:1    | Found a transporter.
 56046 | D:10     | Bought 2 potions of enlightenment for 140 gold pieces
 56046 | D:10     | Bought a potion of haste for 140 gold pieces
 56046 | D:10     | Bought a potion of enlightenment for 70 gold pieces
 56046 | D:10     | Bought 2 potions of invisibility for 224 gold pieces
 56046 | D:10     | Bought 3 scrolls of blinking for 315 gold pieces
 56046 | D:10     | Bought a scroll of fog for 56 gold pieces
 56090 | D:11     | Bought a potion of enlightenment for 65 gold pieces
 56090 | D:11     | Bought a potion of curing for 39 gold pieces
 56090 | D:11     | Bought a potion of curing for 39 gold pieces
 56090 | D:11     | Bought 2 potions of curing for 78 gold pieces
 56090 | D:11     | Bought 2 potions of might for 104 gold pieces
 56090 | D:11     | Bought a potion of magic for 104 gold pieces
 56319 | Zot:2    | Noticed a Killer Klown
 56334 | Zot:2    | Killed a Killer Klown
 56382 | Zot:2    | Reached skill level 27 in Invocations
 56392 | Zot:2    | Noticed an orb of fire
 56398 | Zot:2    | Gained mutation: You are dopey. (Int -2) [an orb of fire]
 56400 | Zot:2    | Gained mutation: You are very dopey. (Int -4) [an orb of
                  | fire]
 56409 | Zot:2    | Killed an orb of fire
 56422 | Zot:2    | Identified the granite talisman of Ghostly Curiosity {Will+
                  | Str+5}
 56646 | Zot:4    | Noticed an orb of fire
 56669 | Zot:4    | Killed an orb of fire
 56670 | Zot:4    | Reached skill level 17 in Shields
 56786 | Zot:4    | Noticed an orb of fire
 56914 | Zot:4    | Killed an orb of fire
 57633 | Zot:4    | Reached skill level 21 in Armour
 57694 | Zot:4    | Noticed Parghit
 57709 | Zot:4    | Killed Parghit
 57709 | Zot:4    | Bound Parghit
 57957 | Zot:5    | Entered Level 5 of the Realm of Zot
 58469 | Zot:5    | Reached XP level 26. HP: 264/264 MP: 40/40
 58593 | Zot:5    | Reached skill level 18 in Shields
 59006 | Zot:5    | Noticed a Killer Klown
 59006 | Zot:5    | Noticed an orb of fire
 59007 | Zot:5    | Noticed a dread lich
 59007 | Zot:5    | Noticed an ancient lich
 59010 | Zot:5    | Got the Orb of Zot
 59011 | Zot:5    | Noticed a Killer Klown
 59011 | Zot:5    | Noticed an orb of fire
 59284 | D:15     | Identified the +2 robe "Odwexzop" {Rampage}
 59284 | D:15     | Noticed Boris
 59289 | D:15     | Killed Boris
 59628 | D:$      | Escaped with the Orb!

Illustrated notes

Levels and vault maps discovered:
D:1:      roderic_dead_forest, layout_loops_ring, serial_shops,
          nicolae_shop_crystal, minmay_pentomino_s4
D:2:      layout_rooms, shapermc_ecumenical_altar_notcrosses,
          minmay_rat_gold_closets
D:3:      layout_basic, nicolae_wu_jian_glorious_leap, minmay_distorted
D:4:      layout_basic, nicolae_dithmenos_through_a_glass_darkly
D:5:      layout_basic, minmay_temple_entry_slanted, serial_shops,
          nicolae_shop_statue_plus, uniq_menkaure
D:6:      nicolae_cairo_tiling_large, layout_loops_ring, lightli_minifort,
          uniq_duvessa
D:7:      layout_basic, mainiacjoe_overflow_alcove_4, nicolae_uskayaw_en_pointe,
          nicolae_hepliaklqana_monster_ancestors,
          mainiacjoe_ossuary_entry_dusty_tomb, uniq_prince_ribbit1, uniq_maggie,
          uniq_pikel
D:8:      layout_basic, grunt_temple_overflow_champion_of_chaos, serial_shops,
          kennysheep_mini, uniq_jeremiah
D:9:      layout_cave_pools, david_orc_3
D:10:     kennysheep_ambush_hall, layout_cave_pools,
          gammafunk_temple_overflow_wave, serial_glass, glass_columns_a,
          glass_columns_b, nicolae_island_escapes, uniq_harold, uniq_gastronok,
          uniq_joseph
D:11:     layout_loops_ring, david_lair_generic, grunt_ministairs_5,
          kennysheep_windowed_goal, uniq_lodul, uniq_urug, uniq_grum
D:12:     layout_irregular_city, uniq_jorgrun
D:13:     layout_basic, erik_vaults_1, minmay_misc_feat_room,
          monkooky_shop_mail_order, uniq_rupert, uniq_frances, uniq_josephine
D:14:     layout_cave_pods, serial_shops, nicolae_stop_n_shop_1,
          nicolae_shop_tiny_real_fake_doors, minmay_holes, minivault_25_ag,
          nicolae_zig_zag_zippers
D:15:     grunt_enter_depths_snipers, layout_basic, serial_aquarium,
          aquarium_bridge_square [aquarium_subvault_bridge,
          aquarium_subvault_bridge, aquarium_subvault_wall,
          aquarium_subvault_wall], aquarium_window_1, aquarium_window_1,
          aquarium_window_corridor_3, aquarium_window_1, aquarium_view_2c,
          aquarium_view_2c, aquarium_balcony_1b, minmay_statues_item,
          nicolae_burly_brawl, uniq_nessos
Temple:   nicolae_temple_ecumenical_triangle
Lair:1:   layout_cave_pods, grunt_megastairs_3
Lair:2:   layout_cave_pods, elwin_shoals_entry_rocks, basic_altar, st_stairs_12,
          minivault_27, serial_bayou_shore_a, grunt_megastairs_1,
          serial_bayou_shore_b
Lair:3:   layout_regular_city, spider_nest_entry_webs,
          portal_ice_cave_entry_pillars_1, grunt_forest_large_clearings
Lair:4:   layout_big_grid, slime_entry_2, lemuel_fruit_tree
Lair:5:   minmay_lair_end_enchanted_forest, layout_small_grid,
          infiniplex_staircase_pool
Shoals:1: layout_shoals, serial_shops, nicolae_shop_back_alley_shop,
          nicolae_shoals_the_drawing_of_the_three
Shoals:2: nicolae_shoals_aurelia_aurita, layout_shoals, serial_shops, shop,
          wheals_shoals_ruined_temple
Shoals:3: layout_shoals, gammafunk_ghost_cemetery
Shoals:4: shoals_end_grunt_garden, layout_shoals, uniq_polyphemus
Spider:1: layout_cave_pods, nicolae_spider_solar_radiation, uniq_nikola
Spider:2: layout_spider_delve
Spider:3: layout_spider_delve, nicolae_orb_island, uniq_agnes, uniq_donald
Spider:4: grunt_spider_rune_circles, uniq_arachne
Orc:1:    layout_caves, nicolae_orc_tapped_out
Orc:2:    st_orc_elflike, layout_caves
Elf:1:    eino_elf_arrival_customs, layout_loops_cross, serial_shops,
          nicolae_square_shop, minivault_28, hellmonk_elf_help
Elf:2:    elven_hall_of_blades_hangedman_original
          [nicolae_blade_entry_splitting_headache], layout_loops_cross,
          portal_desolation_entry_nicolae_nacl, gammafunk_ghost_grave
Elf:3:    elf_hall_gauntlet_wide, layout_gridlike, serial_shops,
          nicolae_shop_crystal, shop, nicolae_shop_dealshenge, shop,
          hangedman_elf_represent
Vaults:1: gammafunk_ghost_fury_of_okawaru, v_misc_11,
          nicolae_vaults_double_plus_2, v_alt_pattern_4, v_alt_pattern_1,
          nicolae_vaults_cornered_office, v_misc_15, v_pattern_5,
          nicolae_vaults_border_crossing, vaults_room_grunt_arrival_ludios,
          layout_vaults_quadrants, serial_shops, nicolae_shop_waterfront,
          nicolae_shop_tiny_real_fake_doors, shop
Vaults:2: gammafunk_ghost_necromancy, vaults_dpeg_diagonal,
          vaults_room_mumra_shop_pool, ontoclasm_vaults_eye,
          nicolae_vaults_meeting, vaults_room_door_ring,
          nicolae_vaults_closet_pinwheel_4, v_misc_11,
          nicolae_vaults_trapezoid_lopsided_1, v_alt_pattern_2,
          layout_vaults_omnicross, uniq_aizul
Vaults:3: nicolae_vaults_bisected_exclaves, nicolae_vaults_alarming,
          nicolae_vaults_wrenched, nicolae_vaults_closet_pinwheel_3,
          vaults_room_ringed_pool, hangedman_vaults_corner,
          minmay_crypt_entry_vampire_xt, v_misc_23,
          nicolae_vaults_surprise_closet, vaults_room_hallway,
          nicolae_vaults_house_3, ontoclasm_vaults_hangar,
          nicolae_vaults_oval_intersection, nicolae_vaults_diamond_1,
          nicolae_vaults_trapezoid_lopsided_1, nicolae_vaults_house_3,
          layout_vaults_ring, uniq_boris
Vaults:4: vaults_standard_mumra_enter_the_diamond, vaults_room_pool, v_misc_26,
          nicolae_vaults_tangram_1, grunt_vaults_trifunnel, vaults_room_pools,
          hangedman_vaults_trim, v_misc_28, v_alt_pattern_2,
          vaults_room_door_ring, vaults_room_pool, vaults_mumra_chevron,
          nicolae_vaults_crenellated_ambush, nicolae_vaults_rhombus_6,
          hangedman_vaults_stretched_pinwheel, nicolae_vaults_shelves_hall,
          layout_vaults_maze_bifur, serial_shops, bzr_in_the_mist, uniq_norris
Vaults:5
Depths:1: layout_gridlike, abyss_entry, hell_entry,
          nicolae_qazlal_eye_of_the_storm, minmay_shop_grove
Depths:2: minmay_the_grid_octo_tiled_squarecenter_mashed
          [minmay_the_grid_octo_focus, minmay_the_grid_octo_shrine,
          minmay_the_grid_octo_vomiting_pacman, minmay_the_grid_octo_horde,
          minmay_the_grid_square_5x5_megaprize_open,
          minmay_the_grid_square_5x5_percent, minmay_the_grid_square_5x5_plus,
          minmay_the_grid_square_5x5_n, minmay_the_grid_square_5x5_empty],
          layout_gridville, abyss_entry, lightli_too_deep,
          rand_demon_pan_entry_4, enter_trove_0, serial_nicolae_subway,
          nicolae_sub_station_crystal, nicolae_sub_station_metal,
          nicolae_sub_station_stone
Depths:3: evilmike_wizard_prison, layout_small_grid, abyss_entry,
          hangedman_coc_ice_floe, minmay_misc_feat_four_crosses, uniq_grunn
Depths:4: grunt_zot_entry_gee_three, layout_honeycomb, ziggurat_fallback,
          kiku_gazebo_pond_becter, hangedman_geh_valley, abyss_entry_glasseish,
          minmay_misc_feat_doors, uniq_frederick
Zot:1:    layout_gridlike, nicolae_diode_intersection
Zot:2:    layout_cathedral_of_symmetry, regret_index_zotdec_twisting_globes
Zot:3:    layout_gridlike, grunt_ministairs_7, nicolae_shop_clearance
Zot:4:    layout_concentric_octagons, hellmonk_greenhouse_of_terror,
          uniq_parghit
Zot:5:    layout_basic

Skill      XL: |  1  2  3  4  5  6  7  8  9 10 11 12 13 14 15 16 17 18 19 20 21 22 23 24 25 26 |
---------------+-------------------------------------------------------------------------------+-----
Fighting       | 3 5 6 8 10 13 14 15 17 18 19 20 21 22 23 24 25 26 | 26.6
Axes           | 2 4 5 7 8 10 11 13 15 17 18 19 20 21 22 23 24 25 26 | 26.9
Armour         | 2 4 6 8 10 11 13 14 15 16 17 18 19 20 21 | 21.6
Invocations    | 6 8 10 13 14 16 17 18 19 20 22 23 25 26 27 | 27.0
Shields        | 3 4 7 9 11 12 13 14 15 16 17 18 | 18.3
Dodging        | 3 7 |  7.7
Evocations     | 2 6 |  6.0
Short Blades   | |  2.0
Throwing       | |  1.7
Stealth        | |  3.2

Action                     |  1- 3 |  4- 6 |  7- 9 | 10-12 | 13-15 | 16-18 | 19-21 | 22-24 | 25-27 || total
---------------------------+-------+-------+-------+-------+-------+-------+-------+-------+-------++-------
  Melee: Dagger            |     6 |       |       |       |       |       |       |       |       ||     6
         Hand axe          |   102 |    31 |       |       |       |       |       |       |       ||   133
         War axe           |       |   154 |   263 |   262 |       |       |       |       |       ||   679
         Executioner's axe |       |       |       |   110 |    62 |       |       |       |       ||   172
         Broad axe         |       |       |       |       |   512 |   714 |   965 |   915 |   425 ||  3531
  Throw: Dart              |     9 |    19 |     6 |     9 |       |       |       |       |       ||    43
         Throwing net      |       |       |       |     1 |       |       |       |       |     1 ||     2
 Invoke: Light the Black T |       |       |     3 |     6 |    10 |     8 |     6 |     5 |     4 ||    42
         Recall Undead Har |       |       |     1 |     1 |    11 |     7 |    10 |     8 |     3 ||    41
         Hurl Torchlight   |       |       |       |     7 |     9 |     8 |     5 |     2 |     2 ||    33
         Bind Soul         |       |       |       |     1 |     3 |       |     4 |     1 |     1 ||    10
         Fathomless Shackl |       |       |       |       |     1 |     2 |     1 |     2 |       ||     6
  Evoke: Wand              |       |       |       |       |     1 |     2 |     2 |     2 |       ||     7
         Sack of spiders   |       |       |       |       |       |       |       |       |     1 ||     1
    Use: Potion            |     1 |     3 |     2 |     7 |     1 |     5 |       |     1 |    14 ||    34
         Scroll            |       |     7 |     6 |    11 |    10 |     2 |     4 |     4 |    21 ||    65
   Stab: Sleeping          |     8 |     3 |       |       |     5 |       |       |       |       ||    16
         Distracted        |     1 |       |     3 |     4 |    18 |    15 |    23 |    27 |    13 ||   104
         Held in net/web   |       |       |       |     1 |       |       |       |       |       ||     1
         Confused          |       |       |       |       |     1 |       |       |       |       ||     1
         Petrified         |       |       |       |       |     7 |     8 |       |       |       ||    15
         Petrifying        |       |       |       |       |     2 |     6 |       |       |       ||     8
 Armour: Robe              |    43 |       |       |       |       |       |       |       |       ||    43
         Ring mail         |    21 |    73 |       |       |       |       |       |       |       ||    94
         Chain mail        |       |    41 |   164 |   211 |   157 |       |       |       |       ||   573
         Skin              |       |       |     3 |       |    38 |       |       |       |       ||    41
         Gold dragon scale |       |       |       |       |    49 |   333 |   394 |   539 |   207 ||  1522
  Dodge: Dodged            |    69 |    83 |   172 |   226 |   275 |   413 |   405 |   270 |    87 ||  2000
  Block: Buckler           |       |       |       |    40 |   116 |       |       |       |       ||   156
         Other             |       |       |       |    32 |    20 |       |       |       |       ||    52
         Reflection        |       |       |       |     5 |    16 |    53 |    41 |    65 |    12 ||   192
         Kite shield       |       |       |       |       |    92 |   563 |   733 |   672 |    43 ||  2103
         Tower shield      |       |       |       |       |       |       |       |       |   362 ||   362

Table legend: (Time is in decaauts)
 A = Elapsed time spent in this place.
 B = Non-inter-level travel time spent in this place.
 C = Inter-level travel time spent in this place.
 D = Time resting spent in this place.
 E = Time spent auto-exploring this place.
 F = Levels seen in this place.
 G = Mean time per level.
                   A        B        C        D        E       F      G
               +--------+--------+--------+--------+--------+-----+--------+
         Total |  59120 |  54633 |   4487 |   9320 |  33451 |  51 | 1159.2 |
       Dungeon |  18173 |  16296 |   1877 |   1548 |  11720 |  15 | 1211.5 |
        Temple |     34 |     18 |     16 |      0 |      0 |   1 |   34.0 |
          Lair |   4711 |   4255 |    456 |     23 |   3205 |   5 |  942.2 |
        Shoals |   3619 |   3506 |    113 |    408 |   2371 |   4 |  904.8 |
   Spider Nest |   4000 |   3789 |    211 |    217 |   2769 |   4 | 1000.0 |
  Orcish Mines |   2237 |   1951 |    286 |    488 |    920 |   2 | 1118.5 |
   Elven Halls |   5561 |   5267 |    294 |   1334 |   2647 |   3 | 1853.7 |
        Vaults |   9748 |   9256 |    492 |   2221 |   5053 |   5 | 1949.6 |
        Depths |   5829 |   5274 |    555 |   1051 |   3131 |   4 | 1457.2 |
           Zot |   3940 |   3757 |    183 |   1830 |   1077 |   5 |  788.0 |
        Bazaar |     80 |     80 |      0 |      0 |      0 |   1 |   80.0 |
       Ossuary |    303 |    303 |      0 |      0 |    111 |   1 |  303.0 |
      Ice Cave |    878 |    878 |      0 |    199 |    444 |   1 |  878.0 |
               +--------+--------+--------+--------+--------+-----+--------+

Top non-repeatable levels by time:
   Elf:3: 3322 daAuts
Vaults:5: 2623 daAuts
    D:11: 2180 daAuts
Vaults:1: 2003 daAuts
Vaults:4: 1829 daAuts
    D:14: 1817 daAuts
Vaults:3: 1790 daAuts
Depths:3: 1755 daAuts
   Orc:2: 1737 daAuts
    D:15: 1653 daAuts
Vaults:2: 1502 daAuts
Depths:2: 1460 daAuts
     D:6: 1444 daAuts
     D:7: 1423 daAuts
  Lair:2: 1368 daAuts

Table legend:
 A = Kills in this place as a percentage of kills in the entire game.
 B = Kills by you in this place as a percentage of kills by you in the entire game.
 C = Kills by friends in this place as a percentage of kills by friends in the entire game.
 D = Other kills in this place as a percentage of other kills in the entire game.
 E = Experience gained in this place as a percentage of experience gained in the entire game.
 F = Experience gained in this place divided by the number of levels of this place that you have seen.
                   A       B       C       D       E      F
               +-------+-------+-------+-------+-------+----------------------
         Total | 100.0 | 100.0 | 100.0 | 100.0 | 100.0 | 22291.0
       Dungeon |  18.6 |  20.3 |  14.6 |  13.3 |   7.3 | 5542.2
          Lair |   9.6 |   8.6 |  12.3 |   0.0 |   4.1 | 9414.2
        Shoals |   8.6 |   5.3 |  17.1 |   6.7 |   7.8 | 22130.5
   Spider Nest |  10.8 |  10.8 |  10.8 |   6.7 |   8.7 | 24835.2
  Orcish Mines |   3.9 |   4.4 |   2.7 |   0.0 |   1.3 | 7196.0
   Elven Halls |   9.7 |  10.7 |   6.7 |  33.3 |  12.0 | 45308.3
        Vaults |  19.4 |  20.3 |  17.1 |  20.0 |  27.6 | 62819.0
        Depths |  10.4 |   9.1 |  13.7 |  13.3 |  18.1 | 51494.0
           Zot |   5.1 |   5.7 |   3.8 |   6.7 |  11.9 | 26971.2
       Ossuary |   2.0 |   2.8 |   0.0 |   0.0 |   0.0 | 419.0
      Ice Cave |   1.9 |   2.1 |   1.3 |   0.0 |   1.2 | 13112.0
               +-------+-------+-------+-------+-------+----------------------
